 Dungeon Crawl Stone Soup version 0.28.0-45-g0d030f2227 (webtiles) character file.

Game seed: 938853593382058969

58 Icepheonix32 the Skirmisher (level 3, -1/29 HPs)
             Began as a Demonspawn Fighter on Apr 8, 2022.
             Slain by a gnoll
             ... wielding a +0 spear of venom
              (2 damage)
             ... on level 2 of the Dungeon.
             The game lasted 00:01:55 (1793 turns).

Icepheonix32 the Skirmisher (Demonspawn Fighter)    Turns: 1793, Time: 00:01:56

Health: -1/29      AC:  7    Str: 17 (18) XL:     3   Next: 76%
Magic:  3/3        EV:  9    Int:  7 (9)  God:
Gold:   50         SH:  4    Dex: 10 (12) Spells: 2/2 levels left

rFire   . . .      SeeInvis .   a - +0 war axe
rCold   . . .      Faith    .   c - +0 buckler
rNeg    . . .      Spirit   .   b - +0 scale mail
rPois   .          Reflect  .   (helmet restricted)
rElec   .          Harm     .   (no cloak)
rCorr   .          Rampage  .   (no gloves)
Will    .....                   (no boots)
Stlth   ..........              (no amulet)
HPRegen 0.09/turn               (no ring)
MPRegen 0.08/turn               (no ring)

@: mighty, lethally poisoned (-1 -> -15), attractive
A: antennae 1, sharp scales 1
a: no special abilities


You were on level 2 of the Dungeon.
You visited 1 branch of the dungeon, and saw 2 of its levels.

You collected 50 gold pieces.

Inventory:

Hand Weapons
 a - a +0 war axe (weapon)
Armour
 b - a +0 scale mail (worn)
 c - a +0 buckler (worn)
 j - a +0 plate armour
Scrolls
 g - a scroll of blinking {unknown}
 k - 2 scrolls of vulnerability {unknown}
 l - a scroll of enchant armour {unknown}
Potions
 i - a potion of lignification {unknown}


   Skills:
 + Level 3.4 Fighting
 - Level 2.2 Axes
 + Level 3.2 Armour
 + Level 0.4 Dodging
 + Level 0.1 Stealth
 + Level 3.0 Shields


You had 2 spell levels left.
You didn't know any spells.
Your spell library was empty.

Dungeon Overview and Level Annotations

Branches:
Dungeon (2/15)

Altars:


Innate Abilities, Weirdness & Mutations

You have a pair of small antennae on your head.
You are partially covered in razor-sharp scales. (AC +1, Slay +1)


Message History

The hobgoblin is attracted toward you. The gnoll is attracted toward you.
It was a potion of degeneration.
There was something very wrong with that liquid.
You feel weakened.
You feel dopey.
You feel clumsy. The gnoll hits you but does no damage.
The gnoll completely misses you.
It was a potion of curing.
You feel better. The gnoll hits you with a +0 spear.
The gnoll completely misses you. The hobgoblin hits you.
* * * LOW HITPOINT WARNING * * *
The gnoll closely misses you. You block the gnoll's attack.
The gnoll is attracted toward you. The gnoll is attracted toward you. x2
The gnoll is attracted toward you. The gnoll is attracted toward you. x2
You feel very mighty all of a sudden. The gnoll barely misses you.
The hobgoblin closely misses you.
You closely miss the hobgoblin. You block the gnoll's attack.
The hobgoblin hits you.
* * * LOW HITPOINT WARNING * * *
The gnoll closely misses you.
You slice the hobgoblin!!
You kill the hobgoblin!
The gnoll closely misses you. The gnoll is attracted toward you. x3
You slice the gnoll!!
You kill the gnoll!
The gnoll closely misses you. The gnoll hits you but does no damage.
You are lethally poisoned!
The gnoll is attracted toward you. x2
You closely miss the gnoll.
* * * LOW HITPOINT WARNING * * *
You feel very sick. The gnoll closely misses you.
You slash the gnoll!
The gnoll is severely wounded.
* * * LOW HITPOINT WARNING * * *
You feel sick.
The gnoll hits you with a +0 spear of venom.
* * * LOW HITPOINT WARNING * * *
You are more poisoned.
The gnoll hits you with a +0 spear of venom.
You die...

###### #....# ######....########
####....)...........#
#....##########.....# #####
######.#### #.....##
.....##......#############.......
#.........ggg@..........†.....
###.###################.###.#.
#.)...{...# ####.###.#
#..........# ###........#
#>.........# ............#
............. ####........#
...<.....##### #........##
.......### ###.#.##..# .#####.#
## ...#.###.#


You could see 3 gnolls.

Vanquished Creatures
  A gnoll (D:2)
  5 bats
  7 endoplasms
  3 giant cockroaches
  2 goblins
  6 hobgoblins
  5 jackals (D:1)
  2 quokkas (D:1)
  2 ball pythons (D:1)
  5 kobolds (D:1)
  3 rats (D:1)
41 creatures vanquished.

Notes
Turn   | Place    | Note
-------+----------+-------------------------------------------
     0 | D:1      | Icepheonix32 the Demonspawn Fighter began the quest for the
                  | Orb.
     0 | D:1      | Reached XP level 1. HP: 18/18 MP: 1/1
   161 | D:1      | Gained mutation: You have a pair of small antennae on your
                  | head. [demonic ancestry]
   161 | D:1      | Reached XP level 2. HP: 19/24 MP: 2/2
   804 | D:1      | Gained mutation: You are partially covered in razor-sharp
                  | scales. (AC +1, Slay +1) [demonic ancestry]
   804 | D:1      | Reached XP level 3. HP: 22/29 MP: 3/3
  1780 | D:2      | HP: 1/29 [poisoned by a gnoll]
  1793 | D:2      | HP: 1/29 [gnoll/+0 spear of venom (1)]
  1793 | D:2      | Slain by a gnoll

Illustrated notes

Levels and vault maps discovered:
D:1:      lemuel_arrival_broad_hall, layout_loops_ring, st_stairs_9,
          minivault_25, minmay_misc_feat_x, minmay_misc_feat_alley,
          minmay_door_square
D:2:      layout_rooms

Skill      XL: |  1  2  3 |
---------------+----------+-----
Axes           | 2 |  2.2
Shields        | 3 |  3.0
Armour         | 3 |  3.2
Fighting       | |  3.4
Dodging        | |  0.4
Stealth        | |  0.1

Action                   || total
-------------------------++-------
Melee: War axe           ||   117
  Use: Potion            ||     4
Armor: Scale mail        ||    65
Dodge: Dodged            ||    78
Block: Buckler           ||    37
